 Dungeon Crawl Stone Soup version 0.28-a0-823-gb444dcf96d (webtiles) character file.

Game seed: 3190999802671929349

254 Impy the Ogre Mage (level 6, 0/53 HPs)
             Began as an Ogre Hedge Wizard on Nov 9, 2021.
             Slain by a river rat (4 damage)
             ... summoned by Eustachio
             ... on level 4 of the Dungeon.
             The game lasted 00:14:00 (4247 turns).

Impy the Ogre Mage (Ogre Hedge Wizard)              Turns: 4247, Time: 00:14:02

Health: 0/53       AC:  5    Str: 15    XL:     6   Next: 15%
Magic:  11/14      EV:  9    Int: 17    God:
Gold:   169        SH:  0    Dex:  8    Spells: 7/15 levels left

rFire   . . .      SeeInvis .   d - +1 spear (vamp)
rCold   . . .      Faith    .   (no shield)
rNeg    . . .      Spirit   .   b - +0 robe
rPois   .          Reflect  .   e - +2 hat
rElec   .          Harm     .   (no cloak)
rCorr   .          Rampage  .   (gloves unavailable)
Will    .....                   (boots unavailable)
Stlth   +.........              (no amulet)
HPRegen 0.17/turn               (no ring)
MPRegen 0.14/turn               (no ring)

@: about to teleport
A: large, unfitting armour, tough skin 1
a: no special abilities


You were on level 4 of the Dungeon.
You visited 1 branch of the dungeon, and saw 4 of its levels.

You collected 169 gold pieces.

Inventory:

Hand Weapons
 a - a +0 dagger
 d - a +1 vampiric spear (weapon)
Armour
 b - a +0 robe (worn)
 c - a +0 hat
 e - a +2 hat (worn)
Scrolls
 g - 2 scrolls of identify
 h - a scroll of teleportation
Potions
 f - 2 potions of magic
 i - a potion of haste
 j - a potion of curing


   Skills:
 - Level 1.7 Dodging
 - Level 1.4 Stealth
 - Level 5.4 Spellcasting
 + Level 3.8 Conjurations
 - Level 0.8 Summonings
 - Level 0.8 Translocations
 + Level 1.5 Air Magic


You had 7 spell levels left.
You knew the following spells:

 Your Spells              Type           Power      Damage    Failure   Level
a - Magic Dart            Conj           68%        1d6       2%          1
b - Shock                 Conj/Air       52%        1d6       4%          1
c - Call Imp              Summ           7%         N/A       14%         2
d - Slow                  Hex            16%        N/A       14%         1
e - Mephitic Cloud        Conj/Pois/Air  10%        N/A       21%         3

Your spell library contained the following spells:

 Spells                   Type           Power      Damage    Failure   Level
 Blink                    Tloc           14%        N/A       14%         2
 Conjure Flame            Conj/Fire      11%        6-21      19%         3
 Swiftness                Air            9%         N/A       22%         3
 Lesser Beckoning         Tloc           7%         N/A       28%         3
 Airstrike                Air            4%         N/A       58%         4
 Manifold Assault         Tloc           7%         N/A       95%         5
 Storm Form               Tmut/Air       3%         N/A       100%        7


Dungeon Overview and Level Annotations

Branches:
Dungeon (4/15)
 Temple: D:4-7

Altars:
Kikubaaqudgha
Yredelemnul

Shops:
D:3 (=:*[

Annotations:
D:4 Eustachio


Innate Abilities, Weirdness & Mutations

You are too large for most types of armour.
You have tough skin. (AC +1)


Message History

The ufetubus closely misses you. The ufetubus completely misses you.
Eustachio gestures wildly while chanting.
The ufetubus closely misses you.
The ufetubus hits you but does no damage.
As you read the scroll of teleportation, it crumbles to dust.
You feel strangely unstable. The bat hits you but does no damage.
The ufetubus closely misses you.
The ufetubus hits you but does no damage.
Eustachio barely misses you.
The bat closely misses your crimson imp.
The rat barely misses you.
Your crimson imp blinks!
The river rat bites you.
You hit Eustachio.
Eustachio is lightly wounded.
The bat hits you but does no damage. The ufetubus hits you.
The ufetubus hits you but does no damage.
Eustachio mumbles some strange words.
Eustachio blinks!
The ufetubus hits you. The ufetubus closely misses you.
Your crimson imp blinks!
The river rat bites you but does no damage.
The rat closely misses you.
You miss Eustachio.
Eustachio is lightly wounded.
The ufetubus hits you but does no damage.
The ufetubus closely misses you. Eustachio hits you with a +0 rapier!
The rat closely misses you. The white imp barely misses you.
The river rat bites you.
* * * LOW HITPOINT WARNING * * *
The ufetubus hits you.
* * * LOW HITPOINT WARNING * * *
The ufetubus barely misses you.
You feel better. The ufetubus completely misses you.
The ufetubus closely misses you. Eustachio hits you with a +0 rapier!
* * * LOW HITPOINT WARNING * * *
The white imp gestures at you. The puff of frost hits you.
* * * LOW HITPOINT WARNING * * *
The river rat bites you.
You die...

#...#.○.○ #...#####
###########.###
.............#
####..##.##...#
..##...#..#...#
#.##.#....#...#
.5#####r##.####...###
#....b@@##.# #...#
######5r5.$# #####
#$5........#
##########...


You could see Eustachio (ally target), a river rat (summoned), a white imp
(summoned), 2 ufetubi, a bat (summoned), a rat (summoned) and a friendly crimson
imp (summoned).

Vanquished Creatures
  2 vampire bats (D:3)
  2 gnolls (D:2)
  3 adders
  2 worms (D:2)
  3 bats
  4 bat skeletons (D:3)
  A bat zombie (D:3)
  8 endoplasms
  2 giant cockroaches (D:1)
  4 goblins
  5 hobgoblins
  4 jackals (D:2)
  6 kobolds
  5 quokkas
  7 ball pythons
  2 frilled lizards
  4 rats
64 creatures vanquished.

Vanquished Creatures (collateral kills)
  3 adders
  2 gnolls (D:2)
  A worm (D:3)
  An orc (D:3)
  A bat skeleton (D:3)
8 creatures vanquished.

Grand Total: 72 creatures vanquished

Notes
Turn   | Place    | Note
-------+----------+-------------------------------------------
     0 | D:1      | Impy the Ogre Hedge Wizard began the quest for the Orb.
     0 | D:1      | Reached XP level 1. HP: 16/16 MP: 5/5
    46 | D:1      | Reached skill level 1 in Conjurations
   323 | D:1      | Reached XP level 2. HP: 22/24 MP: 6/6
   353 | D:1      | Reached skill level 4 in Spellcasting
   715 | D:1      | Learned a level 1 spell: Shock
   718 | D:1      | Learned a level 2 spell: Call Imp
   733 | D:1      | Reached XP level 3. HP: 31/31 MP: 8/8
  1829 | D:2      | Reached XP level 4. HP: 39/39 MP: 10/10
  2268 | D:2      | Reached skill level 5 in Spellcasting
  2279 | D:2      | HP: 1/39 [gnoll (5)]
  2625 | D:2      | Learned a level 1 spell: Slow
  2668 | D:2      | Reached XP level 5. HP: 36/45 MP: 10/12
  2931 | D:2      | Found a faded altar of an unknown god.
  3341 | D:3      | Found Wairraqa's Antique Weapon Boutique.
  3681 | D:3      | Found Qiqitoipe's Jewellery Shoppe.
  3694 | D:3      | Learned a level 3 spell: Mephitic Cloud
  3697 | D:3      | Found Vununkank's Book Shop.
  3763 | D:3      | Found Neuwk's Armour Boutique.
  3779 | D:3      | Found Xoegom's Assorted Antiques.
  3914 | D:3      | Found an ancient bone altar of Kikubaaqudgha.
  3967 | D:3      | Reached skill level 1 in Air Magic
  3970 | D:3      | Reached XP level 6. HP: 43/53 MP: 4/14
  4216 | D:4      | Found a basalt altar of Yredelemnul.
  4237 | D:4      | Noticed Eustachio
  4247 | D:4      | Slain by a river rat

Illustrated notes

Levels and vault maps discovered:
D:1:      dpeg_arrival_tiny_i, layout_basic
D:2:      layout_basic, hellmonk_ecumenical_altar_dog_temple,
          minmay_close_crescents
D:3:      layout_rooms, kennysheep_vampire_church, serial_shops, shop,
          nicolae_square_shop, nicolae_shop_temple_entry_statues_fountains,
          shop_statue, nicolae_shop_waterfront, grunt_ministairs_5
D:4:      layout_rooms, grunt_temple_overflow_holy_war, uniq_eustachio,
          uniq_crazy_yiuf_cottage

Skill      XL: |  1  2  3  4  5 |
---------------+----------------+-----
Conjurations   | 1 2 3 |  3.8
Spellcasting   | 4 5 |  5.4
Air Magic      | 1 |  1.5
Dodging        | |  1.7
Stealth        | |  1.4
Summonings     | |  0.8
Translocations | |  0.8

Action                   |  1- 3 |  4- 6 || total
-------------------------+-------+-------++-------
Melee: Dagger            |    15 |       ||    15
       Spear             |    95 |   140 ||   235
 Cast: Magic Dart        |    23 |     6 ||    29
       Call Imp          |     2 |    22 ||    24
       Shock             |     2 |     1 ||     3
       Slow              |       |     1 ||     1
  Use: Potion            |     3 |     4 ||     7
       Scroll            |     2 |     5 ||     7
 Stab: Sleeping          |     2 |     2 ||     4
       Distracted        |     1 |       ||     1
Armor: Robe              |    26 |    71 ||    97
Dodge: Dodged            |    54 |   108 ||   162

Table legend: (Time is in decaauts)
 A = Elapsed time spent in this place.
 B = Non-inter-level travel time spent in this place.
 C = Inter-level travel time spent in this place.
 D = Time resting spent in this place.
 E = Time spent auto-exploring this place.
 F = Levels seen in this place.
 G = Mean time per level.
                   A        B        C        D        E       F      G
               +--------+--------+--------+--------+--------+-----+--------+
         Total |   4252 |   4164 |     88 |      0 |   3481 |   4 | 1063.0 |
       Dungeon |   4252 |   4164 |     88 |      0 |   3481 |   4 | 1063.0 |
               +--------+--------+--------+--------+--------+-----+--------+

Top non-repeatable levels by time:
     D:2: 2082 daAuts
     D:1: 1237 daAuts
     D:3: 855 daAuts
     D:4: 76 daAuts
